 Dungeon Crawl Stone Soup version 0.30-a0-777-ga9a30cbeda (webtiles) character file.

Game seed: 18400359954478372430

55 jimonade the Shield-Bearer (level 4, -1/37 HPs)
             Began as a Formicid Fighter on Feb 14, 2023.
             Slain by Robin
             ... wielding a +2 vampiric whip
              (3 damage)
             ... on level 1 of the Dungeon.
             The game lasted 00:02:44 (1004 turns).

jimonade the Shield-Bearer (Formicid Fighter)       Turns: 1004, Time: 00:02:45

Health: -1/37      AC: 10    Str: 21    XL:     4   Next: 14%
Magic:  5/5        EV:  7    Int:  9    God:
Gold:   60         SH:  5    Dex: 13    Spells: 5/5 levels left

rFire   . . .      SeeInvis +    a - +0 trident
rCold   . . .      Faith    .    c - +0 buckler
rNeg    . . .      Spirit   .    k - +0 chain mail
rPois   .          Reflect  .    (helmet unavailable)
rElec   .          Harm     .    j - +0 cloak
rCorr   .          Rampage  .    (no gloves)
Will    .....                    (no boots) Stlth
                                 (no amulet)
HPRegen 0.26/turn                (no ring)
MPRegen 0.09/turn                (no ring)

@: lethally poisoned (-1 -> -29)
A: permanent stasis, dig shafts and tunnels, antennae 3, four strong arms
a: Dig, Shaft Self


You were on level 1 of the Dungeon.
You visited 1 branch of the dungeon, and saw 2 of its levels.

You collected 60 gold pieces.

Inventory:

Hand Weapons
 a - a +0 trident (weapon)
Armour
 b - a +0 scale mail
 c - a +0 buckler (worn)
 j - a +0 cloak (worn)
 k - a +0 chain mail (worn)
Jewellery
 m - a ring of magical power
Scrolls
 e - a scroll of identify {unknown}
 f - a scroll of amnesia {unknown}
 g - a scroll of enchant armour {unknown}
 i - a scroll of poison {unknown}
 n - a scroll of fog {unknown}
Potions
 d - a potion of might
 h - a potion of lignification {unknown}
 l - a potion of heal wounds {unknown}


   Skills:
 + Level 3.9 Fighting
 + Level 2.7 Polearms
 - Level 3.3 Armour
 + Level 0.1 Dodging
 - Level 4.0 Shields
 * Level 1.2 Spellcasting
 * Level 1.4 Hexes


You had 5 spell levels left.
You didn't know any spells.
Your spell library contained the following spells:

 Spells                   Type           Power      Damage    Failure   Level
 Slow                     Hex            12%        N/A       93%         1
 Sting                    Tmut/Pois      0%         1d3       99%         1
 Cigotuvi's Dreadful Rot  Necr/Pois/Air  0%         N/A       100%        2
 Passwall                 Tmut/Erth      0%         N/A       100%        2
 Confusing Touch          Hex            3%         N/A       100%        3
 Vampiric Draining        Necr           0%         2d6       100%        3
 Storm Form               Tmut/Air       0%         N/A       100%        7
 Necromutation            Tmut/Necr      0%         N/A       100%        8


Dungeon Overview and Level Annotations

Branches:
Dungeon (2/15)

Altars:

Annotations:
D:1 Robin


Innate Abilities, Weirdness & Mutations

You cannot be hasted, slowed, berserked, paralysed or teleported.
You can dig through walls and to a lower floor.
You have a pair of large antennae on your head. (SInv)
Your four strong arms can wield two-handed weapons with a shield.


Message History

You hit Robin.
Robin is severely wounded.
You feel sick.
The goblin hits you but does no damage. x2
You are more poisoned.
You barely miss Robin.
Robin is severely wounded.
You feel very sick.
A goblin comes into view. It is wielding a +3 dagger.
The goblin barely misses you. Robin closely misses you.
You are too injured to fight recklessly!
You closely miss the goblin.
You feel very sick.
The goblin shouts!
The goblin barely misses you.
You closely miss the goblin.
You feel sick. The goblin hits you but does no damage.
You feel sick. You block the goblin's attack.
Robin hits you but does no damage.
You climb upwards.
You feel sick.
There is a stone staircase leading down here.
You barely miss the goblin.
You feel sick. The goblin hits you but does no damage.
You are lethally poisoned!
Robin roars a battlecry!
The goblin goes into a battle-frenzy!
You closely miss the goblin.
* * * LOW HITPOINT WARNING * * *
You feel very sick. The goblin barely misses you.
Robin hits you with a +2 vampiric whip.
* * * LOW HITPOINT WARNING * * *
You closely miss the goblin.
* * * LOW HITPOINT WARNING * * *
You feel sick.
The goblin hits you with a +0 dagger of venom.
* * * LOW HITPOINT WARNING * * *
You are more poisoned.
Robin barely misses you. The goblin hits you but does no damage.
You are more poisoned.
Robin hits you with a +2 vampiric whip.
You die...

############ #############
##..........# ............#
#............ ###########.#
#..########.. ##.##
######..#### #..
#...###......#...#####..
#####...........###.........
#.......###g####.#).......†.
#.#####.###@# #..#..#####.#
#.# #...#g####..#..# #.# ###
#.# ###.#.#........# #.# ..#
#.# #.#.#.##.#.#)# #.# #.#
#.# #............# #.#
#.####.#
###..........#####..
.......###
##.####..#........
#.####...# #.# ##..#.###....
#.# #.#.# #.###.....###.###


You could see Robin and a goblin (strong).

Vanquished Creatures
  A gnoll (D:1)
  An adder (D:2)
  4 bats (D:1)
  2 endoplasms
  2 giant cockroaches
  6 goblins
  7 hobgoblins
  A quokka (D:2)
  2 ball pythons
  2 frilled lizards
  2 kobolds
  A rat (D:1)
31 creatures vanquished.

Vanquished Creatures (others)
  A plant (D:2)
1 creature vanquished.

Grand Total: 32 creatures vanquished

Notes
Turn   | Place    | Note
-------+----------+-------------------------------------------
     0 | D:1      | jimonade the Formicid Fighter began the quest for the Orb.
     0 | D:1      | Reached XP level 1. HP: 18/18 MP: 1/1
   191 | D:1      | Reached XP level 2. HP: 24/24 MP: 2/2
   249 | D:1      | Got Booroesk's Collected Works on Gusty Reformation
   284 | D:1      | Reached skill level 1 in Hexes
   400 | D:1      | Reached XP level 3. HP: 30/30 MP: 3/3
   758 | D:2      | Reached skill level 1 in Spellcasting
   942 | D:2      | Reached XP level 4. HP: 37/37 MP: 5/5
   942 | D:2      | Noticed Robin
  1004 | D:1      | Slain by Robin

Illustrated notes

Levels and vault maps discovered:
D:1:      shiori_arrival_elements, layout_loops_ring,
          chequers_serial_rivers_room_b, minmay_crystal_water
D:2:      layout_loops_ring, serial_bayou, serial_bayou_pond_a,
          serial_bayou_lagoon_b, serial_bayou_pond_d, serial_bayou_shore_b,
          basic_altar, dk_noncrumbling_2, dk_noncrumbling_3, serial_park_tiny_1,
          uniq_robin

Skill      XL: |  1  2  3 |
---------------+----------+-----
Hexes          | 1 |  1.4
Spellcasting   | 1 |  1.2
Fighting       | |  3.9
Polearms       | |  2.7
Armour         | |  3.3
Dodging        | |  0.1
Shields        | |  4.0

Action                     |  1- 3 |  4- 6 || total
---------------------------+-------+-------++-------
  Melee: Trident           |    76 |    24 ||   100
   Stab: Distracted        |     1 |       ||     1
 Armour: Scale mail        |     6 |       ||     6
         Chain mail        |    15 |    29 ||    44
  Dodge: Dodged            |    24 |    12 ||    36
  Block: Buckler           |    13 |     7 ||    20

Table legend: (Time is in decaauts)
 A = Elapsed time spent in this place.
 B = Non-inter-level travel time spent in this place.
 C = Inter-level travel time spent in this place.
 D = Time resting spent in this place.
 E = Time spent auto-exploring this place.
 F = Levels seen in this place.
 G = Mean time per level.
                   A        B        C        D        E       F      G
               +--------+--------+--------+--------+--------+-----+--------+
         Total |   1030 |    951 |     79 |      0 |    650 |   2 |  515.0 |
       Dungeon |   1030 |    951 |     79 |      0 |    650 |   2 |  515.0 |
               +--------+--------+--------+--------+--------+-----+--------+

Top non-repeatable levels by time:
     D:1: 705 daAuts
     D:2: 325 daAuts
